Description

This build order comes from Rom (5k7-6k Protoss Player) from a ladder game. It's a 7Gates robo (Zealot/Immo/sentry). The build order is really strong in the current meta and Rom show us how to do it.

Notes :

  • Use your first probe to check if a zergling pressure is coming
  • Use your first adept to check if the zerg player has cut his gas
  • Build your Robo before the warp gate (you will fake your opening and the Zerg will need to scout)
  • First units are : Adept - Stalker - Sentry
  • Full chronoboost your immortal production (don't chronoboost the warp prism)
  • Attack @6min with : 10 zealots, 6 sentries, 3 Immortals
  • Cut the ennemy army in half with your force field and attack with zealots
  • If there is no more zerglings, warp stalkers and win the game

VOD

https://youtu.be/VvRXwDdG-dc

Replay - Ladder_Baie_du_Roi_EC_vs59_7GRo_231

Build Order

Get SALT Encoding   

  12  0:00  Probe  
  13  0:13  Probe  
  14  0:19  Pylon  
  14  0:25  Probe  
  15  0:33  Probe  
  15  0:39  Gateway  
  15  0:41  Probe  
  16  0:48  Assimilator  
  17  0:51  Probe  
  18  1:03  Probe  
  19  1:16  Probe  
  20  1:26  Nexus  
  20  1:36  Cybernetics Core  
  20  1:39  Probe  
  21  1:45  Assimilator  
  21  1:51  Probe  
  22  1:54  Pylon  
  22  2:04  Adept  
  23  2:12  Robotics Facility  
  25  2:21  Warp Gate  
  26  2:34  Stalker  
  34  3:03  Warp Prism  
  38  3:14  Gateway, Sentry  
  41  3:21  Pylon  
  43  3:30  Immortal  
  49  3:48  Assimilator  
  49  3:50  Pylon  
  51  3:58  Immortal  
  57  4:15  Gateway x2, Sentry x2  
  62  4:28  Pylon  
  62  4:36  Immortal  
  62  4:46  Sentry x2  
  62  4:48  Gateway x2  
  70  4:58  Gateway  
  70  5:10  Sentry  
  70  5:11  Zealot x2  
  76  5:16  Observer  
  77  5:27  Shield Battery  
  77  5:39  Zealot x4  
  85  5:45  Zealot x2  
  89  5:52  Zealot  
  91  6:05  Zealot  
  77  6:40  Stalker x4  
  81  6:53  Stalker x3  
  95  7:32  Assimilator  
  95  7:34  Robotics Bay  
  95  7:40  Robotics Bay  
  95  7:42  Immortal  
  99  7:44  Forge  
  99  7:46  Sentry  
  101  8:08  Nexus  
  103  8:14  Disruptor  
  108  8:36  Sentry  
  112  8:49  Disruptor  
  115  8:57  Twilight Council  
  115  8:59  Observer  
  127  9:17  Stalker  
Spawning Tool Build Advisor. Get it on Overwolf

Go to:

Details

  • Created by: zuka      
  • Published on: May 17, 2019
  • Modified on: May 17, 2019
  • Patch: 4.7.1
Show
View Real Time Build Order
Export as new Build Order

Comments (2)

On Aug. 19, 2019, 12:27 p.m., gMgeNo  said:

how many times are you gonna pause the game dude. . .

On July 7, 2019, 7:39 p.m., Wyrd  said:

Any certain reason the prism comes before immo production here?

Create an account to comment!